 Dungeon Crawl Stone Soup version 0.21.1-1-g345015f (webtiles) character file.

2816 lyrx the Destroyer (level 9, -1/57 HPs)
             Began as a Demonspawn Conjurer on Apr 5, 2018.
             Was a Priest of Vehumet.
             Slain by a yak (4 damage)
             ... on level 7 of the Dungeon.
             The game lasted 01:03:08 (7381 turns).

lyrx the Destroyer (Demonspawn Conjurer)            Turns: 7381, Time: 01:03:09

Health: -1/57      AC:  6    Str:  8    XL:     9   Next: 44%
Magic:  6/17       EV: 17    Int: 22    God:    Vehumet [***...]
Gold:   155        SH:  0    Dex: 15    Spells: 8/19 levels left

rFire    . . .     SeeInvis .   y - -1 flail (curse)
rCold    . . .     Gourm    .   (no shield)
rNeg     . . .     Faith    .   p - +0 steam dragon scales
rPois    .         Spirit   .   (helmet restricted)
rElec    .         Reflect  .   (no cloak)
rCorr    .         Harm     .   g - +0 pair of gloves
MR       .....                  (no boots)
Stlth    +++.......             (no amulet)
HPRegen  0.19/turn              u - +3 ring of intelligence
MPRegen  0.15/turn              a - +5 ring of evasion

@: no status effects
A: antennae 2, hooves 1, nightstalker 1, spiny 1
a: Renounce Religion


You were on level 7 of the Dungeon.
You worshipped Vehumet.
Vehumet was most pleased with you.
You were not hungry.

You visited 1 branch of the dungeon, and saw 7 of its levels.

You collected 408 gold pieces.
You spent 253 gold pieces at shops.

Inventory:

Hand Weapons
 e - a +0 short sword
 h - a +1 short sword of freezing
 y - a cursed -1 flail (weapon)
 A - a +1 long sword of slicing
Missiles
 d - 252 stones (quivered)
 j - 88 sling bullets
 l - 33 poisoned needles
 D - 2 curare-tipped needles
Armour
 g - a +0 pair of gloves (worn)
 i - a +0 shield
 p - +0 steam dragon scales (worn)
 J - a +2 robe
Jewellery
 a - a +5 ring of evasion (right hand)
 f - an uncursed ring of see invisible
 u - a +3 ring of intelligence (left hand)
 C - an uncursed ring of protection from magic
 P - a +4 ring of dexterity
Wands
 B - a wand of flame (17)
 E - a wand of paralysis (20)
 N - a wand of polymorph (10)
Scrolls
 k - 3 scrolls of identify
 r - 2 scrolls of remove curse
 w - 5 scrolls of amnesia
 H - a scroll of teleportation
 I - a scroll of fog
 L - 2 scrolls of enchant armour {unknown}
Potions
 m - a potion of magic
 n - a potion of berserk rage
 o - a potion of ambrosia
 q - 2 potions of mutation {unknown}
 s - a potion of heal wounds {unknown}
 t - 2 potions of degeneration {unknown}
 v - a potion of might {unknown}
 x - a potion of cancellation {unknown}
 z - a potion of agility {unknown}
 F - a potion of flight {unknown}
 G - 3 potions of curing
 K - a potion of lignification
Books
 b - a book of Conjurations

   Spells                             Type                      Level
   a - Magic Dart                     Conjuration                  1
   b - Searing Ray                    Conjuration                  2
   c - Dazzling Spray                 Conjuration/Hexes            3
   d - Fulminant Prism                Conjuration/Hexes            4
   e - Force Lance                    Conjuration/Translocation    4
   f - Iskenderun's Mystic Blast      Conjuration                  4
 M - a book of Maledictions

   Spells                             Type                      Level
   a - Corona                         Hexes                        1
   b - Ensorcelled Hibernation        Hexes/Ice                    2
   c - Confuse                        Hexes                        3
   d - Tukima's Dance                 Hexes                        3
   e - Dazzling Spray                 Conjuration/Hexes            3
Comestibles
 c - 8 rations
 O - a chunk of flesh


   Skills:
 - Level 2.0 Dodging
 - Level 2.0 Stealth
 - Level 4.0 Shields
 + Level 5.5 Spellcasting
 * Level 11.3 Conjurations


You had 8 spell levels left.
You knew the following spells:

 Your Spells              Type           Power        Failure   Level  Hunger
a - Magic Dart            Conj           ####         1%          1    None
b - Searing Ray           Conj           ######       1%          2    None
c - Iskenderun's Mystic   Conj           ######..     1%          4    ####...
d - Force Lance           Conj/Tloc      ####....     2%          4    ####...


Dungeon Overview and Level Annotations

Branches:
Dungeon (7/15)             Temple (0/1) D:4

Altars:
Elyvilon
Hepliaklqana
Qazlal
Ru
Vehumet

Shops:
D:4 =   D:5 !(***


Innate Abilities, Weirdness & Mutations

You have a pair of antennae on your head.
You have large cloven feet.
You are slightly more attuned to the shadows.
You are partially covered in sharp spines.


Message History

You kill the yak!
Vehumet accepts your kill.
You feel your power returning.
Training target 4.0 for Shields reached!
Your Shields skill increases to level 4!
The searing ray hits the yak.
The yak is heavily wounded.
You finish channeling your searing ray.
The yak closely misses you.
You thump the yak!
The yak is heavily wounded.
The yak is struck by your spines. The yak gores you!
* * * LOW HITPOINT WARNING * * *
You barely miss the yak. You kick the yak, but do no damage.
The yak is severely wounded.
The yak gores you.
* * * LOW HITPOINT WARNING * * *
You hit the yak but do no damage. Your kick misses the yak.
The yak is severely wounded.
The yak is struck by your spines. The yak gores you.
You die...

###########
.....Y@...#
#########.#
#.# #.# #.#
#.# #.# ###
#.# #.# #<#
#######.##
##.####.#
.........##
#....##.#


You could see a yak.

Vanquished Creatures
  4 yaks (D:7)
  2 steam dragons
  Eustachio (D:6)
  A sky beast (D:5)
  2 phantoms
  An ogre (D:6)
  A centaur (D:5)
  The ghost of Serooblart the Firebug, an amateur DEFE (D:3)
  2 bullfrogs
  Blork the orc (D:6)
  3 crimson imps
  A bullfrog zombie (D:5)
  3 hounds
  A jelly (D:6)
  4 orc priests
  Terence (D:2)
  An iguana (D:4)
  5 orc wizards
  5 worker ants
  2 killer bee zombies
  Robin (D:3)
  11 gnolls
  A howler monkey skeleton (D:4)
  12 adders
  2 shadow imps (D:7)
  An ooze (D:2)
  6 worms
  A dart slug (D:3)
  2 leopard geckos (D:1)
  24 orcs
  3 bats
  8 giant cockroaches
  16 goblins
  8 hobgoblins
  11 jackals
  9 quokkas
  A ball python (D:4)
  8 frilled lizards
  A jackal zombie (D:5)
  11 kobolds
  A quokka skeleton (D:5)
  9 rats
189 creatures vanquished.

Vanquished Creatures (others)
  A worm (D:2)
1 creature vanquished.

Grand Total: 190 creatures vanquished

Notes
Turn   | Place    | Note
-------+----------+-------------------------------------------
     0 | D:1      | lyrx the Demonspawn Conjurer began the quest for the Orb.
     0 | D:1      | Reached XP level 1. HP: 13/13 MP: 3/3
   220 | D:1      | Gained mutation: You have a pair of small antennae on your head. [demonic ancestry]
   220 | D:1      | Reached XP level 2. HP: 19/19 MP: 1/5
   300 | D:1      | Learned a level 2 spell: Searing Ray
   879 | D:2      | Reached skill level 5 in Conjurations
   879 | D:2      | Reached XP level 3. HP: 24/24 MP: 0/6
  1348 | D:2      | Reached XP level 4. HP: 30/30 MP: 2/7
  1526 | D:2      | Found a radiant altar of Vehumet.
  1897 | D:2      | Became a worshipper of Vehumet
  2004 | D:2      | Reached skill level 6 in Conjurations
  2052 | D:2      | Learned a level 4 spell: Iskenderun's Mystic Blast
  2053 | D:3      | Noticed Robin
  2162 | D:2      | Gained mutation: You have a pair of antennae on your head. [demonic ancestry]
  2162 | D:2      | Reached XP level 5. HP: 28/35 MP: 1/8
  2362 | D:3      | Noticed Terence
  2711 | D:2      | Killed Terence
  2784 | D:3      | Reached skill level 7 in Conjurations
  3185 | D:3      | Reached * piety under Vehumet
  3185 | D:3      | Offered knowledge of Sting by Vehumet.
  3316 | D:3      | Gained mutation: You are partially covered in sharp spines. [demonic ancestry]
  3316 | D:3      | Reached XP level 6. HP: 41/41 MP: 3/9
  3415 | D:3      | Noticed Serooblart's ghost (amateur DEFE)
  3430 | D:3      | Killed Serooblart's ghost
  3636 | D:3      | Killed Robin
  3817 | D:3      | Found a hazy altar of Hepliaklqana.
  4104 | D:4      | Reached skill level 1 in Shields
  4104 | D:4      | Reached skill level 8 in Conjurations
  4217 | D:4      | Gained mutation: You have large cloven feet. [demonic ancestry]
  4217 | D:4      | Reached XP level 7. HP: 45/46 MP: 2/10
  4277 | D:4      | Found Atatoti's Jewellery Boutique.
  4303 | D:4      | Found a staircase to the Ecumenical Temple.
  4555 | D:4      | Offered knowledge of Throw Flame by Vehumet.
  4603 | D:4      | Reached ** piety under Vehumet
  5006 | D:5      | Entered Level 5 of the Dungeon
  5075 | D:5      | Found Qoanank's Assorted Antiques.
  5080 | D:5      | Found Ijeemutoc's Weapon Shop.
  5104 | D:5      | Reached skill level 9 in Conjurations
  5184 | D:5      | Found a sacrificial altar of Ru.
  5225 | D:5      | Found Uguavvi's Assorted Antiques.
  5280 | D:5      | Reached XP level 8. HP: 51/52 MP: 12/12
  5602 | D:5      | Found Jerilul's Assorted Antiques.
  5606 | D:5      | Bought a murky orange potion for 16 gold pieces
  5606 | D:5      | Bought a black potion for 16 gold pieces
  5621 | D:5      | Bought a scroll labeled JUPNUY BALUM for 29 gold pieces
  5621 | D:5      | Bought a scroll labeled LAOTIGOGI for 29 gold pieces
  5621 | D:5      | Bought a scroll labeled LAOTIGOGI for 29 gold pieces
  5621 | D:5      | Bought a coppery potion for 26 gold pieces
  5647 | D:5      | Bought a scroll labeled WAENTYA OSAAD for 24 gold pieces
  5950 | D:5      | Found Owuakh's Distillery.
  5962 | D:5      | Offered knowledge of Mephitic Cloud by Vehumet.
  5968 | D:5      | Bought a potion of lignification for 42 gold pieces
  5968 | D:5      | Bought a potion of curing for 42 gold pieces
  6254 | D:6      | Found a hazy altar of Hepliaklqana.
  6263 | D:6      | Reached *** piety under Vehumet
  6263 | D:6      | Reached skill level 10 in Conjurations
  6295 | D:6      | Learned a level 4 spell: Force Lance
  6638 | D:6      | Found a white marble altar of Elyvilon.
  6709 | D:6      | Noticed Eustachio
  6769 | D:6      | Noticed Blork the orc
  6785 | D:6      | Killed Blork the orc
  6871 | D:6      | Killed Eustachio
  6871 | D:6      | Gained mutation: You are slightly more attuned to the shadows. [demonic ancestry]
  6871 | D:6      | Reached XP level 9. HP: 57/57 MP: 1/16
  6960 | D:6      | Found a stormy altar of Qazlal.
  7317 | D:7      | Reached skill level 5 in Spellcasting
  7368 | D:7      | Offered knowledge of Ignite Poison by Vehumet.
  7368 | D:7      | Reached skill level 11 in Conjurations
  7381 | D:7      | Slain by a yak

Skill      XL: |  1  2  3  4  5  6  7  8  9 |
---------------+----------------------------+-----
Conjurations   | 5 6 7 8 9 10 11 | 11.3
Dodging        | 2 |  2.0
Stealth        | 2 |  2.0
Shields        | 1 2 3 4 |  4.0
Spellcasting   | 3 4 5 |  5.5

Action                   |  1- 3 |  4- 6 |  7- 9 || total
-------------------------+-------+-------+-------++-------
Melee: Short sword       |    12 |    58 |       ||    70
       Mace              |       |    48 |    17 ||    65
       Flail             |       |       |   131 ||   131
       Kick              |       |       |    40 ||    40
       Unarmed           |       |       |     1 ||     1
Throw: Stone             |     1 |       |       ||     1
 Cast: Magic Dart        |    49 |    62 |    29 ||   140
       Searing Ray       |     6 |    21 |    19 ||    46
       Iskenderun's Myst |       |     3 |    18 ||    21
  Use: Scroll            |       |     6 |     5 ||    11
 Stab: Sleeping          |     3 |     1 |     1 ||     5
       Paralysed         |       |       |     1 ||     1
       Distracted        |       |       |     2 ||     2
  Eat: Chunk             |     2 |     9 |    14 ||    25
       Ration            |       |     1 |       ||     1
Armor: Steam dragon scal |     1 |    72 |    37 ||   110
       Robe              |     1 |       |       ||     1
Dodge: Dodged            |    16 |   168 |   164 ||   348
